 Dungeon Crawl Stone Soup version 0.19.0-18-g426998a (webtiles) character file.

65 Jerry the Ducker (level 3, -3/16 HPs)
             Began as a Felid Transmuter on Nov 11, 2016.
             Slain by an orc
             ... wielding a +0 dagger
              (6 damage)
             ... on level 2 of the Dungeon.
             The game lasted 00:07:24 (2325 turns).

Jerry the Ducker (Felid Transmuter)                 Turns: 2325, Time: 00:07:24

Health: -3/16      AC:  1    Str:  6    XL:     3   Next: 92%
Magic:  7/7        EV: 19    Int: 14    God:
Gold:   149        SH:  0    Dex: 17    Spells: 2 memorised, 3 levels left
                                        Lives:  0   Deaths: 0

rFire  . . .     SeeInvis +       - Unarmed
rCold  + . .     Gourm    .     (armour unavailable)
rNeg   . . .     Faith    .     (shield unavailable)
rPois  .         Spirit   .     (helmet unavailable)
rElec  .         Reflect  .     (cloak unavailable)
rCorr  .         Harm     .     (gloves unavailable)
MR     .....     Rnd*Tele +     (boots unavailable)
Stlth  ++........               (no amulet)
                                k - ring of protection from cold
                                e - ring of teleportation (curse)

@: appendage (expiring), quick
A: no armour, no weapons or thrown items, stealth, claws 1, fangs 3, horns 2,
see invisible, carnivore 3, speed 1, shaggy fur 1, slow metabolism 1, sharp paws
a: End Transformation


You were on level 2 of the Dungeon.
You were very full.
You had grown temporary horns.
You visited 1 branch of the dungeon, and saw 3 of its levels.

You collected 149 gold pieces.

Inventory:

Missiles
 a - 12 arrows
Jewellery
 e - a cursed ring of teleportation (left paw)
 k - a ring of protection from cold (right paw)
Scrolls
 j - a scroll of teleportation
Potions
 d - a potion of resistance
 f - 2 potions of flight
 g - a potion of agility {unknown}
 h - a potion of curing {unknown}
 i - a potion of cancellation {unknown}
 l - a potion of heal wounds {unknown}
Books
 b - a book of Changes

   Spells                             Type                      Level
   a - Beastly Appendage              Transmutation                1
   b - Sticks to Snakes               Transmutation                2
   c - Spider Form                    Transmutation/Poison         3
   d - Ice Form                       Ice/Transmutation            4
   e - Blade Hands                    Transmutation                5
Comestibles
 c - 2 meat rations
 m - a slice of pizza


   Skills:
 + Level 2.1 Fighting
 + Level 3.5 Dodging
 + Level 1.7 Stealth
 * Level 3.2 Unarmed Combat
 - Level 2.0 Spellcasting
 + Level 2.9 Transmutations


You had 3 spell levels left.
You knew the following spells:

 Your Spells              Type           Power        Failure   Level  Hunger
a - Beastly Appendage     Tmut           #.....       10%         1    ##.....
b - Sticks to Snakes      Tmut           #.......     14%         2    ###....


Dungeon Overview and Level Annotations

Branches:
Dungeon (3/15)

Altars:

Annotations:
D:2 Ijyb


Innate Abilities, Weirdness & Mutations

You cannot wear armour.
You are incapable of wielding weapons or throwing items.
Your paws allow you to move quietly. (Stealth)
You have sharp claws.
You have razor-sharp teeth.
You have supernaturally acute eyesight. (SInv)
You are carnivorous and can eat meat at any time.
You cover ground quickly.
You are covered in fur. (AC +1)
You have a slow metabolism.
Your sharp claws are effective at attacking unaware monsters.
You have a pair of horns on your head.


Message History

The orc hits you with a dagger.
* * * LOW HITPOINT WARNING * * *
You are too injured to fight recklessly!
You are too injured to fight recklessly!
You scratch the orc but do no damage. Your headbutt misses the orc.
The orc misses you.
You scratch the orc.
The orc is severely wounded.
The orc barely misses you.
You scratch the orc. You headbutt the orc, but do no damage.
The orc is almost dead.
The orc hits you with a dagger.
* * * LOW HITPOINT WARNING * * *
You scratch the orc but do no damage. You headbutt the orc, but do no damage.
The orc is almost dead.
The orc completely misses you.
You scratch the orc but do no damage.
The orc is almost dead.
The orc hits you with a dagger.
You die...

.# ########## #..............
.#
#........#######.############.
.# #.###.#....>.....# #. .#
#.# #....######### #. .# #.#
##.#.# ########## #. .# #.#
#.#.# #........# #. .###.#
#.#.# #.######.# ##. .....#
#.#.# #.# #.#######.)
#########.#.####@# #.#...(...#
#........#.....o# #.#.#####..
#.############### #.#.# ##.
#.# #.#.######. #.#
#.........# #.# #...#####.#
##.# #...#####.. .#.##
#........## ....## ##..####.#


You could see an orc.

Vanquished Creatures
  The ghost of glosham the Ducker, a weakling TeAM (D:3)
  An adder (D:2)
  A dart slug (D:2)
  An orc (D:3)
  4 bats (D:2)
  A giant cockroach (D:2)
  5 goblins
  8 hobgoblins
  3 frilled lizards
  9 kobolds
  5 rats
39 creatures vanquished.

Notes
Turn   | Place    | Note
-------+----------+-------------------------------------------
     0 | D:1      | Jerry the Felid Transmuter began the quest for the Orb.
     0 | D:1      | Reached XP level 1. HP: 9/9 MP: 4/4
   289 | D:1      | Reached XP level 2. HP: 7/12 MP: 6/6
   782 | D:2      | Reached skill level 1 in Stealth
   923 | D:2      | Reached XP level 3. HP: 13/16 MP: 7/7
  1028 | D:2      | Noticed Ijyb
  1271 | D:2      | Learned a level 2 spell: Sticks to Snakes
  1829 | D:3      | Noticed glosham's ghost (weakling TeAM)
  1868 | D:3      | Killed glosham's ghost
  2325 | D:2      | Slain by an orc

Skill      XL: |  1  2  3 |
---------------+----------+-----
Dodging        | 3 |  3.5
Stealth        | 1 |  1.7
Fighting       | 2 |  2.1
Unarmed Combat | |  3.2
Spellcasting   | |  2.0
Transmutations | |  2.9

Action                   || total
-------------------------++-------
Melee: Unarmed           ||   123
       Bite              ||     5
       Headbutt          ||     7
       Punch             ||     1
 Cast: Beastly Appendage ||     8
  Use: Scroll            ||     3
 Stab: Sleeping          ||     7
       Distracted        ||     1
  Eat: Chunk             ||     9
Armor: Skin              ||     6
Dodge: Dodged            ||    83
